Mustangs vs Influenza
(R3)
Created - May 28, 2018 at 19:06
Goals
|
Mustangs |
1 |
4 |
1 |
1 |
7 |
Influenza |
1 |
4 |
1 |
0 |
6 |
|
Shots
|
Mustangs |
12 |
18 |
8 |
5 |
43 |
Influenza |
8 |
13 |
7 |
2 |
30 |
|
1st period
1. Mustangs , Joshua Leivo 6 (Andreas Athanasiou 2) at 0:56
2. Influenza , Jimmy Vesey 8 (Beau Bennett 14, Charlie Coyle 9) at 13:26
Penalties :
No Penalty
2nd period
3. Mustangs , Mika Zibanejad 7 (Tomas Tatar 8) at 0:33
4. Mustangs , Marcus Foligno 18 (Riley Sheahan 17, Derek Joslin 10) at 0:45
5. Mustangs , Mika Zibanejad 8 (Tomas Tatar 9, Peter Mannino) at 1:35 (PP)
6. Influenza , Mark Olver 7 (Garnet Hathaway 10, Tim Erixon 8) at 5:32
7. Mustangs , Marcus Foligno 19 (Riley Sheahan 18) at 8:01 (SH)
8. Influenza , Mathieu Carle 1 (Mark Scheifele 16, T.J Galiardi 8) at 8:18 (PP)
9. Influenza , Garnet Hathaway 6 (Matt Corrente 15) at 9:46
10. Influenza , Jordan Schroeder 5 (Iiro Pakarinen 5, Dmitry Sinitsyn 4) at 17:51
Penalties :
Mark Scheifele (VJB) for Interference (Minor) at 0:48, Josh Jooris (Ham) for Holding (Minor) at 3:21, Josh Jooris (Ham) for Interference (Minor) at 6:59, Cameron Gaunce (Ham) for High sticking (Minor) at 11:43, Marcus Foligno (Ham) for Interference (Minor) at 11:57, Mark Scheifele (VJB) for Hooking (Minor) at 15:24
3rd period
11. Influenza , Mathieu Carle 2 (Jimmy Vesey 18, Beau Bennett 15) at 16:47 (PP)
12. Mustangs , Tomas Tatar 7 (Andrew Shaw 8, Mika Zibanejad 11) at 18:17 (PP)
Penalties :
Scott Mayfield (Ham) for Slashing (Minor) at 3:35, Josh Jooris (Ham) for Slashing (Minor) at 16:11, Matt Corrente (VJB) for Hooking (Minor) at 17:32, Alexei Marchenko (Ham) for Holding Stick (Minor) at 19:33
Overtime #1
13. Mustangs , Jerome Samson 6 (Cameron Gaunce 13, Joshua Leivo 4) at 3:19
Penalties :
No Penalty
Goalie Stats
Peter Mannino (Ham), 24 saves from 30 shots - (0.800), W, 11-4-0, 63:19 minutes
Alex Stalock (VJB), 23 saves from 26 shots - (0.885), OTL, 5-2-1, 41:44 minutes
Thomas McCollum (VJB), 13 saves from 17 shots - (0.765), 21:35 minutes
Players Stats for Mustangs
Player Name G A P +/- PIM S H SB GA TA FO MP PP MP PK MP
------------------------------------------------------------------------------------
Alexei Marchenko 0 0 0 -1 2 1 0 1 0 2 0/0 14:25 0:00 0:00
Andreas Athanasiou 0 1 1 1 0 1 3 0 0 0 0/7 11:49 0:00 0:10
Andrew Shaw 0 1 1 1 0 1 2 0 0 0 0/1 14:02 1:32 0:00
Cameron Gaunce 0 1 1 -1 2 2 0 4 2 1 0/0 28:36 2:35 5:56
Curtis Hamilton 0 0 0 -3 0 0 0 0 0 0 0/0 9:54 0:00 0:00
Denis Bodrov 0 0 0 3 0 2 0 2 1 1 0/0 20:14 0:56 3:48
Derek Joslin 0 1 1 -1 0 3 1 3 2 2 0/0 29:42 2:35 7:19
Francis Paré 0 0 0 -3 0 0 0 0 0 0 0/0 9:54 0:00 0:00
Jerome Samson 1 0 1 1 0 4 1 1 0 1 0/0 11:37 0:00 0:00
Josh Jooris 0 0 0 1 6 3 1 0 1 0 1/2 17:10 1:59 0:00
Joshua Leivo 1 1 2 1 0 3 0 0 2 0 0/0 12:14 0:00 0:37
Marcus Foligno 2 0 2 2 2 5 6 0 0 0 0/0 22:23 1:59 4:53
Mark Pysyk 0 0 0 3 0 1 2 0 0 0 0/0 19:12 0:56 2:46
Mika Zibanejad 2 1 3 1 0 3 2 0 1 1 3/7 16:11 1:32 2:00
Rick Schofield 0 0 0 -3 0 4 1 0 2 0 1/3 11:41 0:00 1:38
Riley Sheahan 0 2 2 2 0 5 1 2 0 1 25/41 23:56 1:59 6:17
Scott Mayfield 0 0 0 -1 2 1 2 1 0 0 0/0 14:59 0:00 0:35
Tomas Tatar 1 2 3 1 0 4 2 1 0 1 0/1 16:39 1:32 2:35
Players Stats for Influenza
Player Name G A P +/- PIM S H SB GA TA FO MP PP MP PK MP
------------------------------------------------------------------------------------
Beau Bennett 0 2 2 -1 0 1 2 0 1 0 0/0 16:59 4:20 0:33
Charlie Coyle 0 1 1 -1 0 0 0 1 1 0 8/19 19:05 4:20 2:35
Dmitry Sinitsyn 0 1 1 2 0 1 0 1 0 1 0/0 13:20 0:00 0:00
Garnet Hathaway 1 1 2 0 0 4 1 0 0 0 1/1 12:47 0:00 0:42
Iiro Pakarinen 0 1 1 1 0 1 1 0 1 0 0/0 8:07 0:00 0:00
Jeff May 0 0 0 -2 0 0 0 3 1 0 0/0 19:18 2:42 1:39
Jeremy Morin 0 0 0 -1 0 2 4 0 0 0 4/4 25:45 5:45 2:35
Jimmy Vesey 1 1 2 -1 0 3 3 0 0 0 0/0 16:26 4:20 0:00
Johan Larsson 0 0 0 1 0 0 0 0 0 0 0/0 8:16 0:08 0:00
Jordan Schroeder 1 0 1 1 0 3 1 0 0 0 3/4 8:30 0:00 0:23
Lane MacDermid 0 0 0 0 0 2 1 0 0 1 0/0 12:28 0:08 0:14
Mark Olver 1 0 1 0 0 2 1 0 1 0 3/5 12:05 0:00 0:00
Mark Scheifele 0 1 1 -1 4 2 2 0 0 0 13/28 22:59 5:37 0:00
Mathieu Carle 2 0 2 -1 0 5 2 2 0 4 0/0 30:41 7:23 1:52
Matt Corrente 0 1 1 -1 2 1 2 0 1 1 0/0 24:57 6:47 1:07
Oskars Bartulis 0 0 0 2 0 0 0 0 0 0 0/0 13:20 0:00 0:00
T.J Galiardi 0 1 1 -1 0 2 3 1 3 0 0/1 22:57 5:37 0:00
Tim Erixon 0 1 1 -2 0 1 1 0 1 4 0/0 25:01 3:18 2:24
3 Stars
1 - Mika Zibanejad (Ham)
2 - Marcus Foligno (Ham)
3 - Tomas Tatar (Ham)
Power Play
Mustangs - 2 on 3 Attempt(s) - 66.67%
Influenza - 2 on 7 Attempt(s) - 28.57%
Penalty Kill
Mustangs - 5 on 7 Attempt(s) - 71.43%
- Score 1 goal in Penalty Kill
Influenza - 1 on 3 Attempt(s) - 33.33%
- Score 0 goal in Penalty Kill
Team Stat
Mustangs - Hits : 24 - Faceoff Wins : 30 - Blocked Shots : 15 - Penalty Minutes : 14
Influenza - Hits : 24 - Faceoff Wins : 32 - Blocked Shots : 8 - Penalty Minutes : 6
Official
Referees : StPierre Justin and Kowal Tom
Linesman : Don Henderson and Steve Miller
Game Notes
Alex Stalock enters game at 1:35 of 2nd period
Finance
Level 1 -- Attendance: 2000 (100.00%) -- Ticket Income $80,000
Level 2 -- Attendance: 1000 (100.00%) -- Ticket Income $20,000
Total Attendance: 3000 (100.00%)
Total Ticket Income: $100,000
Other Income: $5,000
Total Income: $105,000
Mustangs
5 vs 5 Forward
Center Left Wing Right Wing Time % Phy DF OF
1 Riley Sheahan Marcus Foligno Josh Jooris 40 1 2 2
2 Mika Zibanejad Tomas Tatar Andrew Shaw 30 1 2 2
3 Andreas Athanasiou Joshua Leivo Jerome Samson 20 1 2 2
4 Rick Schofield Curtis Hamilton Francis Paré 10 1 2 2
5 vs 5 Defense
Defense Defense Time % Phy DF OF
1 Cameron Gaunce Derek Joslin 44 1 2 2
2 Denis Bodrov Mark Pysyk 33 1 2 2
3 Alexei Marchenko Scott Mayfield 23 1 2 2
4 Cameron Gaunce Derek Joslin 0 1 2 2
PowerPlay Forward
Center Left Wing Right Wing Time % Phy DF OF
1 Riley Sheahan Marcus Foligno Josh Jooris 60 1 2 2
2 Mika Zibanejad Tomas Tatar Andrew Shaw 40 1 2 2
PowerPlay Defense
Defense Defense Time % Phy DF OF
1 Cameron Gaunce Derek Joslin 60 1 2 2
2 Denis Bodrov Mark Pysyk 40 1 2 2
Penalty Kill 4 Players Forward
Center Wing Time % Phy DF OF
1 Riley Sheahan Marcus Foligno 60 1 2 2
2 Rick Schofield Tomas Tatar 40 1 2 2
Penalty Kill 4 Players Defense
Defense Defense Time % Phy DF OF
1 Cameron Gaunce Derek Joslin 60 1 2 2
2 Denis Bodrov Mark Pysyk 40 1 2 2
Penalty Kill - 3 Players Forward
Forward Time % Phy DF OF
1 Riley Sheahan 60 1 2 2
2 Mika Zibanejad 40 1 2 2
Penalty Kill - 3 Players Defense
Defense Defense Time % Phy DF OF
1 Cameron Gaunce Derek Joslin 60 1 2 2
2 Denis Bodrov Mark Pysyk 40 1 2 2
4 vs 4 Forward
Center Wing Time % Phy DF OF
1 Riley Sheahan Marcus Foligno 60 1 2 2
2 Mika Zibanejad Tomas Tatar 40 1 2 2
4 vs 4 Defense
Defense Defense Time % Phy DF OF
1 Cameron Gaunce Derek Joslin 60 1 2 2
2 Denis Bodrov Mark Pysyk 40 1 2 2
Last Minutes Offensive
Center Left Wing Right Wing Defense Defense
Riley Sheahan Marcus Foligno Josh Jooris Cameron Gaunce Derek Joslin
Last Minutes Defensive
Center Left Wing Right Wing Defense Defense
Riley Sheahan Marcus Foligno Josh Jooris Cameron Gaunce Derek Joslin
Goaltenders
Starting : Peter Mannino
Backup : Chet Pickard
Extra Forwards
Normal : Riley Sheahan, Mika Zibanejad, Rick Schofield - PP : Mika Zibanejad, Riley Sheahan - PK : Marcus Foligno
Extra Defensemen
Normal : Derek Joslin, Mark Pysyk, Cameron Gaunce - PP : Derek Joslin - PK : Denis Bodrov, Cameron Gaunce
Penalty Shots
Riley Sheahan, Mika Zibanejad, Andrew Shaw, Marcus Foligno, Josh Jooris
Scratches
Roman Horak (Healthy), Brady Skjei (Sore Right Knee Injury), Dominik Uher (Healthy), Joe Finley (Healthy), Eric Knodel (Healthy)
Matthew Finn (Healthy), Danny Biega (Healthy), Jim O'Brien (Healthy), Raphael Bussieres (Healthy), Sam Kurker (Healthy)
Max Gortz (Healthy), Riley Nash (Healthy), Justin Peters (Healthy), Joacim Eriksson (Healthy)
Influenza
5 vs 5 Forward
Center Left Wing Right Wing Time % Phy DF OF
1 Mark Scheifele T.J Galiardi Jeremy Morin 40 1 1 3
2 Charlie Coyle Jimmy Vesey Beau Bennett 30 1 2 2
3 Mark Olver Lane MacDermid Garnet Hathaway 20 1 2 2
4 Jordan Schroeder Johan Larsson Iiro Pakarinen 10 1 2 2
5 vs 5 Defense
Defense Defense Time % Phy DF OF
1 Mathieu Carle Tim Erixon 40 1 2 2
2 Jeff May Matt Corrente 30 1 2 2
3 Oskars Bartulis Dmitry Sinitsyn 20 1 2 2
4 Matt Corrente Mathieu Carle 10 1 2 2
PowerPlay Forward
Center Left Wing Right Wing Time % Phy DF OF
1 Mark Scheifele T.J Galiardi Jeremy Morin 60 1 2 2
2 Charlie Coyle Jimmy Vesey Beau Bennett 40 1 2 2
PowerPlay Defense
Defense Defense Time % Phy DF OF
1 Mathieu Carle Matt Corrente 60 1 2 2
2 Tim Erixon Jeff May 40 1 2 2
Penalty Kill 4 Players Forward
Center Wing Time % Phy DF OF
1 Charlie Coyle Jeremy Morin 60 1 2 2
2 Mark Scheifele Garnet Hathaway 40 1 2 2
Penalty Kill 4 Players Defense
Defense Defense Time % Phy DF OF
1 Matt Corrente Mathieu Carle 60 1 2 2
2 Tim Erixon Jeff May 40 1 2 2
Penalty Kill - 3 Players Forward
Forward Time % Phy DF OF
1 Charlie Coyle 60 1 2 2
2 Mark Scheifele 40 1 2 2
Penalty Kill - 3 Players Defense
Defense Defense Time % Phy DF OF
1 Matt Corrente Mathieu Carle 60 1 2 2
2 Tim Erixon Jeff May 40 1 2 2
4 vs 4 Forward
Center Wing Time % Phy DF OF
1 Mark Scheifele T.J Galiardi 60 1 2 2
2 Charlie Coyle Jeremy Morin 40 1 2 2
4 vs 4 Defense
Defense Defense Time % Phy DF OF
1 Matt Corrente Mathieu Carle 60 1 2 2
2 Tim Erixon Jeff May 40 1 2 2
Last Minutes Offensive
Center Left Wing Right Wing Defense Defense
Mark Scheifele T.J Galiardi Jeremy Morin Mathieu Carle Matt Corrente
Last Minutes Defensive
Center Left Wing Right Wing Defense Defense
Mark Scheifele T.J Galiardi Jeremy Morin Mathieu Carle Matt Corrente
Goaltenders
Starting : Thomas McCollum
Backup : Alex Stalock
Extra Forwards
Normal : Garnet Hathaway, T.J Galiardi, Beau Bennett - PP : T.J Galiardi, Lane MacDermid - PK : Beau Bennett
Extra Defensemen
Normal : Matt Corrente, Tim Erixon, Jeff May - PP : Matt Corrente - PK : Tim Erixon, Jeff May
Penalty Shots
Jeremy Morin, T.J Galiardi, Beau Bennett, Mark Scheifele, Lane MacDermid
Scratches
Jacob Josefson (Healthy), Jamie Devane (Healthy), Joe Morrow (Healthy), Paul Ladue (Healthy), Fredric Larsson (Healthy)
Tom Kuhnhackl (Healthy), Rocco Grimaldi (Healthy), Ryan Sproul (Healthy), Josh Andrerson (Healthy), Jesse Graham (Healthy)
Vince Rocco (Healthy), Nikita Gusev (Healthy), Tyson Sexsmith (Healthy)
% Time on Ice - Mustangs
Lines # - Real PCT - Wanted PCT - Time Play
Normal Forward
1 - 32% - 40% - 15:42
2 - 25% - 30% - 12:30
3 - 23% - 20% - 11:37
4 - 20% - 10% - 9:54
Normal Defense
1 - 40% - 44% - 19:48
2 - 31% - 33% - 15:30
3 - 29% - 23% - 14:25
4 - 0% - 0% - 0:00
PP Forward
1 - 56% - 60% - 1:59
2 - 44% - 40% - 1:32
PP Defense
1 - 73% - 60% - 2:35
2 - 27% - 40% - 0:56
PK Forward
1 - 80% - 60% - 6:42
2 - 20% - 40% - 1:38
PK Defense
1 - 71% - 60% - 5:56
2 - 29% - 40% - 2:24
PK3 Forward
1 - 90% - 60% - 1:34
2 - 10% - 40% - 0:11
PK3 Defense
1 - 79% - 60% - 1:23
2 - 21% - 40% - 0:22
44 Forward
1 - 0% - 60%
2 - 0% - 40%
44 Defense
1 - 0% - 60%
2 - 0% - 40%
Last Minute Offensive - 0:00
Last Minute Defensive - 0:00
Total
Forward - 63:19
Defense - 63:19
|
% Time on Ice - Influenza
Lines # - Real PCT - Wanted PCT - Time Play
Normal Forward
1 - 35% - 40% - 17:25
2 - 24% - 30% - 12:06
3 - 24% - 20% - 12:05
4 - 16% - 10% - 8:07
Normal Defense
1 - 39% - 40% - 19:25
2 - 30% - 30% - 14:57
3 - 27% - 20% - 13:20
4 - 4% - 10% - 2:01
PP Forward
1 - 57% - 60% - 5:45
2 - 43% - 40% - 4:20
PP Defense
1 - 73% - 60% - 7:23
2 - 27% - 40% - 2:42
PK Forward
1 - 80% - 60% - 2:49
2 - 20% - 40% - 0:42
PK Defense
1 - 53% - 60% - 1:52
2 - 47% - 40% - 1:39
PK3 Forward
1 - 0% - 60%
2 - 0% - 40%
PK3 Defense
1 - 0% - 60%
2 - 0% - 40%
44 Forward
1 - 0% - 60%
2 - 0% - 40%
44 Defense
1 - 0% - 60%
2 - 0% - 40%
Last Minute Offensive - 0:00
Last Minute Defensive - 0:00
Total
Forward - 63:19
Defense - 63:19
|
Play by Play
1st period
0:01 of 1st period - Mark Scheifele wins face-off versus Riley Sheahan in neutral zone.
0:26 of 1st period - Mika Zibanejad is hit by Jimmy Vesey and loses puck.
0:42 of 1st period - Icing by Jimmy Vesey.
0:43 of 1st period - Mark Olver wins face-off versus Andreas Athanasiou in Influenza zone.
0:56 of 1st period - Wrist shot by Joshua Leivo.
0:56 of 1st period - Goal by Joshua Leivo - Mustangs : 1 - Influenza : 0.
0:57 of 1st period - Jordan Schroeder wins face-off versus Rick Schofield in neutral zone.
1:22 of 1st period - Alexei Marchenko is hit by Mark Scheifele and loses puck.
2:11 of 1st period - Snap shot by Mark Olver.
2:11 of 1st period - Deflect By Lane MacDermid.
2:11 of 1st period - Stopped by Peter Mannino with a rebound.
2:13 of 1st period - Wrist shot by Garnet Hathaway.
2:13 of 1st period - Stopped by Peter Mannino with a rebound.
2:24 of 1st period - Off-side.
2:25 of 1st period - Jordan Schroeder wins face-off versus Riley Sheahan in neutral zone.
3:11 of 1st period - Charlie Coyle is hit by Derek Joslin and loses puck.
3:16 of 1st period - Slapshot by Cameron Gaunce.
3:16 of 1st period - Stopped by Thomas McCollum with a rebound.
3:18 of 1st period - Slapshot by Derek Joslin.
3:18 of 1st period - Shot Misses the Net.
3:20 of 1st period - Wrist shot by Rick Schofield.
3:20 of 1st period - Stopped by Thomas McCollum with a rebound.
3:22 of 1st period - Snap shot by Cameron Gaunce.
3:22 of 1st period - Shot Blocked by Charlie Coyle.
3:54 of 1st period - Wrist shot by Mark Olver.
3:54 of 1st period - Deflect By Jeremy Morin.
3:54 of 1st period - Stopped by Peter Mannino with a rebound.
3:58 of 1st period - Slapshot by Jeremy Morin.
3:58 of 1st period - Shot Misses the Net.
4:00 of 1st period - Slapshot by Tim Erixon.
4:00 of 1st period - Stopped by Peter Mannino without a rebound.
4:01 of 1st period - Riley Sheahan wins face-off versus Mark Scheifele in Mustangs zone.
4:10 of 1st period - Denis Bodrov is hit by Jeremy Morin and loses puck.
4:46 of 1st period - Alexei Marchenko is hit by Beau Bennett and loses puck.
5:27 of 1st period - Scott Mayfield is hit by Iiro Pakarinen and loses puck.
5:36 of 1st period - Wrist shot by Jordan Schroeder.
5:36 of 1st period - Shot Misses the Net.
6:11 of 1st period - Snap shot by Jeremy Morin.
6:11 of 1st period - Shot Blocked by Tomas Tatar.
6:52 of 1st period - Snap shot by Marcus Foligno.
6:52 of 1st period - Shot Misses the Net.
7:36 of 1st period - Snap shot by Iiro Pakarinen.
7:36 of 1st period - Shot Blocked by Jerome Samson.
7:48 of 1st period - Beau Bennett is hit by Marcus Foligno and loses puck.
7:53 of 1st period - Snap shot by Josh Jooris.
7:53 of 1st period - Stopped by Thomas McCollum without a rebound.
7:54 of 1st period - Riley Sheahan wins face-off versus Charlie Coyle in Influenza zone.
8:19 of 1st period - Snap shot by Josh Jooris.
8:19 of 1st period - Deflect By Marcus Foligno.
8:19 of 1st period - Shot Misses the Net.
8:19 of 1st period - Puck is out of play.
8:20 of 1st period - Mark Scheifele wins face-off versus Mika Zibanejad in Influenza zone.
8:27 of 1st period - Snap shot by Tomas Tatar.
8:27 of 1st period - Shot Blocked by T.J Galiardi.
8:29 of 1st period - Slapshot by Tomas Tatar.
8:29 of 1st period - Deflect By Mika Zibanejad.
8:29 of 1st period - Stopped by Thomas McCollum without a rebound.
8:30 of 1st period - Mika Zibanejad wins face-off versus T.J Galiardi in Influenza zone.
8:45 of 1st period - Snap shot by Tomas Tatar.
8:45 of 1st period - Shot Misses the Net.
8:47 of 1st period - Slapshot by Mark Pysyk.
8:47 of 1st period - Shot Misses the Net.
8:49 of 1st period - Slapshot by Denis Bodrov.
8:49 of 1st period - Shot Misses the Net.
8:51 of 1st period - Slapshot by Mark Pysyk.
8:51 of 1st period - Stopped by Thomas McCollum with a rebound.
9:22 of 1st period - Icing by Scott Mayfield.
9:23 of 1st period - Charlie Coyle wins face-off versus Mika Zibanejad in Mustangs zone.
9:52 of 1st period - Snap shot by Riley Sheahan.
9:52 of 1st period - Shot Misses the Net.
10:20 of 1st period - Wrist shot by Joshua Leivo.
10:20 of 1st period - Shot Misses the Net.
11:12 of 1st period - Mark Olver is hit by Mark Pysyk and loses puck.
11:47 of 1st period - Derek Joslin is hit by T.J Galiardi and loses puck.
12:05 of 1st period - Mark Scheifele is hit by Rick Schofield and loses puck.
12:34 of 1st period - Charlie Coyle is hit by Andrew Shaw and loses puck.
13:10 of 1st period - Snap shot by Iiro Pakarinen.
13:10 of 1st period - Stopped by Peter Mannino without a rebound.
13:11 of 1st period - Charlie Coyle wins face-off versus Rick Schofield in Mustangs zone.
13:26 of 1st period - Snap shot by Jimmy Vesey.
13:26 of 1st period - Goal by Jimmy Vesey - Mustangs : 1 - Influenza : 1.
13:27 of 1st period - Mark Scheifele wins face-off versus Riley Sheahan in neutral zone.
13:42 of 1st period - Wrist shot by Riley Sheahan.
13:42 of 1st period - Deflect By Marcus Foligno.
13:42 of 1st period - Shot Misses the Net.
13:42 of 1st period - Puck is out of play.
13:43 of 1st period - Charlie Coyle wins face-off versus Andrew Shaw in Influenza zone.
14:13 of 1st period - Slapshot by Riley Sheahan.
14:13 of 1st period - Stopped by Thomas McCollum without a rebound.
14:14 of 1st period - Mark Scheifele wins face-off versus Riley Sheahan in Influenza zone.
15:22 of 1st period - Wrist shot by T.J Galiardi.
15:22 of 1st period - Stopped by Peter Mannino without a rebound.
15:23 of 1st period - Charlie Coyle wins face-off versus Tomas Tatar in Mustangs zone.
15:32 of 1st period - Slapshot by Denis Bodrov.
15:32 of 1st period - Stopped by Thomas McCollum with a rebound.
15:34 of 1st period - Snap shot by Andrew Shaw.
15:34 of 1st period - Stopped by Thomas McCollum without a rebound.
15:35 of 1st period - Mark Olver wins face-off versus Mika Zibanejad in Influenza zone.
15:46 of 1st period - Slapshot by Garnet Hathaway.
15:46 of 1st period - Shot Blocked by Denis Bodrov.
15:48 of 1st period - Snap shot by Lane MacDermid.
15:48 of 1st period - Shot Hit the Post.
16:32 of 1st period - Snap shot by Jordan Schroeder.
16:32 of 1st period - Shot Blocked by Cameron Gaunce.
17:00 of 1st period - Scott Mayfield is hit by Jeremy Morin and loses puck.
17:21 of 1st period - Matt Corrente is hit by Marcus Foligno and loses puck.
17:46 of 1st period - Snap shot by Jordan Schroeder.
17:46 of 1st period - Stopped by Peter Mannino with a rebound.
18:50 of 1st period - Snap shot by Jerome Samson.
18:50 of 1st period - Shot Blocked by Mathieu Carle.
18:56 of 1st period - Wrist shot by Joshua Leivo.
18:56 of 1st period - Deflect By Andreas Athanasiou.
18:56 of 1st period - Stopped by Thomas McCollum with a rebound.
18:58 of 1st period - Snap shot by Jerome Samson.
18:58 of 1st period - Shot Hit the Post.
19:00 of 1st period - Snap shot by Denis Bodrov.
19:00 of 1st period - Stopped by Thomas McCollum with a rebound.
19:04 of 1st period - Snap shot by Jerome Samson.
19:04 of 1st period - Stopped by Thomas McCollum without a rebound.
19:05 of 1st period - Riley Sheahan wins face-off versus Charlie Coyle in Influenza zone.
19:18 of 1st period - Beau Bennett is hit by Marcus Foligno and loses puck.
19:33 of 1st period - Slapshot by Mark Olver.
19:33 of 1st period - Shot Blocked by Alexei Marchenko.
19:53 of 1st period - Derek Joslin is hit by Jordan Schroeder.
Goals for this period are 1 for Mustangs vs 1 for Influenza.
Shots for this period are 12 for Mustangs vs 8 for Influenza.
2nd period
0:01 of 2nd period - Riley Sheahan wins face-off versus Mark Scheifele in neutral zone.
0:06 of 2nd period - Snap shot by Josh Jooris.
0:06 of 2nd period - Shot Misses the Net.
0:12 of 2nd period - Wrist shot by Mark Scheifele.
0:12 of 2nd period - Stopped by Peter Mannino with a rebound.
0:26 of 2nd period - Jimmy Vesey is hit by Tomas Tatar and loses puck.
0:33 of 2nd period - Snap shot by Mika Zibanejad.
0:33 of 2nd period - Goal by Mika Zibanejad - Mustangs : 2 - Influenza : 1.
0:34 of 2nd period - Riley Sheahan wins face-off versus Mark Scheifele in neutral zone.
0:41 of 2nd period - Slapshot by Riley Sheahan.
0:41 of 2nd period - Stopped by Thomas McCollum with a rebound.
0:43 of 2nd period - Wrist shot by Riley Sheahan.
0:43 of 2nd period - Stopped by Thomas McCollum with a rebound.
0:45 of 2nd period - Slapshot by Marcus Foligno.
0:45 of 2nd period - Goal by Marcus Foligno - Mustangs : 3 - Influenza : 1.
0:46 of 2nd period - Mark Scheifele wins face-off versus Riley Sheahan in neutral zone.
0:48 of 2nd period - Minor Penalty to Mark Scheifele for Interference.
0:49 of 2nd period - Josh Jooris wins face-off versus Charlie Coyle in Influenza zone.
1:35 of 2nd period - Snap shot by Mika Zibanejad.
1:35 of 2nd period - Goal by Mika Zibanejad - Mustangs : 4 - Influenza : 1.
1:35 of 2nd period - Alex Stalock enters game.
1:36 of 2nd period - Riley Sheahan wins face-off versus Mark Olver in neutral zone.
1:47 of 2nd period - Slapshot by Marcus Foligno.
1:47 of 2nd period - Stopped by Alex Stalock with a rebound.
1:49 of 2nd period - Wrist shot by Riley Sheahan.
1:49 of 2nd period - Stopped by Alex Stalock with a rebound.
1:51 of 2nd period - Snap shot by Riley Sheahan.
1:51 of 2nd period - Stopped by Alex Stalock with a rebound.
3:10 of 2nd period - Wrist shot by Rick Schofield.
3:10 of 2nd period - Stopped by Alex Stalock with a rebound.
3:12 of 2nd period - Slapshot by Alexei Marchenko.
3:12 of 2nd period - Shot Misses the Net.
3:14 of 2nd period - Slapshot by Alexei Marchenko.
3:14 of 2nd period - Shot Misses the Net.
3:16 of 2nd period - Slapshot by Scott Mayfield.
3:16 of 2nd period - Stopped by Alex Stalock without a rebound.
3:17 of 2nd period - Riley Sheahan wins face-off versus Mark Scheifele in Influenza zone.
3:21 of 2nd period - Minor Penalty to Josh Jooris for Holding.
3:22 of 2nd period - Mark Scheifele wins face-off versus Riley Sheahan in Mustangs zone.
4:37 of 2nd period - Denis Bodrov is hit by Mark Scheifele and loses puck.
4:58 of 2nd period - Mika Zibanejad is hit by Matt Corrente and loses puck.
5:14 of 2nd period - Icing by Jeff May.
5:15 of 2nd period - Charlie Coyle wins face-off versus Andreas Athanasiou in Influenza zone.
5:21 of 2nd period - Penalty to Josh Jooris is over, Josh Jooris is back on ice.
5:26 of 2nd period - Snap shot by Josh Jooris.
5:26 of 2nd period - Shot Misses the Net.
5:32 of 2nd period - Snap shot by Mark Olver.
5:32 of 2nd period - Goal by Mark Olver - Mustangs : 4 - Influenza : 2.
5:33 of 2nd period - Riley Sheahan wins face-off versus Mark Scheifele in neutral zone.
6:58 of 2nd period - Wrist shot by Marcus Foligno.
6:58 of 2nd period - Stopped by Alex Stalock without a rebound.
6:59 of 2nd period - Riley Sheahan wins face-off versus Jordan Schroeder in Influenza zone.
6:59 of 2nd period - Minor Penalty to Josh Jooris for Interference.
7:00 of 2nd period - Mark Scheifele wins face-off versus Riley Sheahan in Mustangs zone.
7:07 of 2nd period - Snap shot by T.J Galiardi.
7:07 of 2nd period - Stopped by Peter Mannino with a rebound.
7:09 of 2nd period - Slapshot by Mathieu Carle.
7:09 of 2nd period - Stopped by Peter Mannino with a rebound.
7:11 of 2nd period - Wrist shot by Mark Scheifele.
7:11 of 2nd period - Shot Blocked by Cameron Gaunce.
7:13 of 2nd period - Slapshot by Matt Corrente.
7:13 of 2nd period - Deflect By Jeremy Morin.
7:13 of 2nd period - Shot Misses the Net.
7:13 of 2nd period - Puck is out of play.
7:14 of 2nd period - Mark Scheifele wins face-off versus Riley Sheahan in Mustangs zone.
7:15 of 2nd period - Wrist shot by Jeremy Morin.
7:15 of 2nd period - Shot Blocked by Riley Sheahan.
7:17 of 2nd period - Slapshot by Matt Corrente.
7:17 of 2nd period - Stopped by Peter Mannino without a rebound.
7:18 of 2nd period - Riley Sheahan wins face-off versus Mark Scheifele in Mustangs zone.
7:18 of 2nd period - Riley Sheahan is hit by T.J Galiardi.
7:42 of 2nd period - Mark Scheifele is hit by Marcus Foligno and loses puck.
7:59 of 2nd period - Wrist shot by Tomas Tatar.
7:59 of 2nd period - Stopped by Alex Stalock without a rebound.
8:00 of 2nd period - Riley Sheahan wins face-off versus Charlie Coyle in Influenza zone.
8:01 of 2nd period - Snap shot by Marcus Foligno.
8:01 of 2nd period - Goal by Marcus Foligno - Mustangs : 5 - Influenza : 2.
8:02 of 2nd period - Riley Sheahan wins face-off versus Mark Scheifele in neutral zone.
8:18 of 2nd period - Snap shot by Mathieu Carle.
8:18 of 2nd period - Goal by Mathieu Carle - Mustangs : 5 - Influenza : 3.
8:19 of 2nd period - Riley Sheahan wins face-off versus Mark Scheifele in neutral zone.
8:26 of 2nd period - Snap shot by Josh Jooris.
8:26 of 2nd period - Shot Misses the Net.
8:32 of 2nd period - Cameron Gaunce is hit by Jeremy Morin and loses puck.
9:46 of 2nd period - Snap shot by Garnet Hathaway.
9:46 of 2nd period - Goal by Garnet Hathaway - Mustangs : 5 - Influenza : 4.
9:47 of 2nd period - Jeremy Morin wins face-off versus Riley Sheahan in neutral zone.
10:14 of 2nd period - Mathieu Carle is hit by Andreas Athanasiou and loses puck.
10:37 of 2nd period - Slapshot by Mathieu Carle.
10:37 of 2nd period - Shot Misses the Net.
10:39 of 2nd period - Snap shot by Garnet Hathaway.
10:39 of 2nd period - Stopped by Peter Mannino with a rebound.
10:41 of 2nd period - Slapshot by Tim Erixon.
10:41 of 2nd period - Deflect By Garnet Hathaway.
10:41 of 2nd period - Shot Misses the Net.
10:41 of 2nd period - Puck is out of play.
10:42 of 2nd period - Riley Sheahan wins face-off versus Mark Scheifele in Mustangs zone.
11:29 of 2nd period - Slapshot by Derek Joslin.
11:29 of 2nd period - Shot Misses the Net.
11:31 of 2nd period - Wrist shot by Rick Schofield.
11:31 of 2nd period - Stopped by Alex Stalock with a rebound.
11:33 of 2nd period - Snap shot by Rick Schofield.
11:33 of 2nd period - Stopped by Alex Stalock with a rebound.
11:37 of 2nd period - Slapshot by Derek Joslin.
11:37 of 2nd period - Deflect By Rick Schofield.
11:37 of 2nd period - Shot Blocked by Jeff May.
11:37 of 2nd period - Puck is out of play.
11:38 of 2nd period - Mark Scheifele wins face-off versus Riley Sheahan in Influenza zone.
11:38 of 2nd period - Mark Scheifele is hit by Marcus Foligno.
11:43 of 2nd period - Minor Penalty to Cameron Gaunce for High sticking.
11:44 of 2nd period - Mark Scheifele wins face-off versus Riley Sheahan in Mustangs zone.
11:53 of 2nd period - Snap shot by Mark Scheifele.
11:53 of 2nd period - Shot Misses the Net.
11:55 of 2nd period - Wrist shot by T.J Galiardi.
11:55 of 2nd period - Shot Blocked by Denis Bodrov.
11:57 of 2nd period - Minor Penalty to Marcus Foligno for Interference.
11:58 of 2nd period - Riley Sheahan wins face-off versus Mark Scheifele in Mustangs zone.
11:58 of 2nd period - Riley Sheahan is hit by T.J Galiardi.
12:12 of 2nd period - Wrist shot by Mark Scheifele.
12:12 of 2nd period - Shot Blocked by Riley Sheahan.
12:14 of 2nd period - Slapshot by Mathieu Carle.
12:14 of 2nd period - Stopped by Peter Mannino without a rebound.
12:15 of 2nd period - Riley Sheahan wins face-off versus Charlie Coyle in Mustangs zone.
12:28 of 2nd period - Slapshot by Mathieu Carle.
12:28 of 2nd period - Deflect By Derek Joslin.
12:28 of 2nd period - Stopped by Peter Mannino with a rebound.
12:30 of 2nd period - Slapshot by Mathieu Carle.
12:30 of 2nd period - Shot Misses the Net.
13:43 of 2nd period - Penalty to Cameron Gaunce is over, Cameron Gaunce is back on ice.
13:57 of 2nd period - Penalty to Marcus Foligno is over, Marcus Foligno is back on ice.
14:14 of 2nd period - Snap shot by Lane MacDermid.
14:14 of 2nd period - Stopped by Peter Mannino without a rebound.
14:15 of 2nd period - Jordan Schroeder wins face-off versus Andreas Athanasiou in Mustangs zone.
14:16 of 2nd period - Wrist shot by Iiro Pakarinen.
14:16 of 2nd period - Shot Blocked by Scott Mayfield.
14:18 of 2nd period - Snap shot by Jordan Schroeder.
14:18 of 2nd period - Stopped by Peter Mannino with a rebound.
14:20 of 2nd period - Snap shot by Jordan Schroeder.
14:20 of 2nd period - Shot Misses the Net.
14:53 of 2nd period - Dmitry Sinitsyn is hit by Tomas Tatar and loses puck.
15:24 of 2nd period - Minor Penalty to Mark Scheifele for Hooking.
15:25 of 2nd period - Riley Sheahan wins face-off versus Charlie Coyle in Influenza zone.
15:28 of 2nd period - Snap shot by Josh Jooris.
15:28 of 2nd period - Stopped by Alex Stalock without a rebound.
15:29 of 2nd period - Charlie Coyle wins face-off versus Riley Sheahan in Influenza zone.
15:32 of 2nd period - Slapshot by Josh Jooris.
15:32 of 2nd period - Shot Misses the Net.
16:02 of 2nd period - Snap shot by Derek Joslin.
16:02 of 2nd period - Stopped by Alex Stalock without a rebound.
16:03 of 2nd period - Riley Sheahan wins face-off versus Charlie Coyle in Influenza zone.
16:19 of 2nd period - Slapshot by Mark Pysyk.
16:19 of 2nd period - Shot Blocked by Mathieu Carle.
17:24 of 2nd period - Penalty to Mark Scheifele is over, Mark Scheifele is back on ice.
17:35 of 2nd period - Backhand shot by Jerome Samson.
17:35 of 2nd period - Stopped by Alex Stalock with a rebound.
17:51 of 2nd period - Snap shot by Jordan Schroeder.
17:51 of 2nd period - Goal by Jordan Schroeder - Mustangs : 5 - Influenza : 5.
17:52 of 2nd period - Mark Scheifele wins face-off versus Riley Sheahan in neutral zone.
18:17 of 2nd period - Tim Erixon is hit by Andrew Shaw and loses puck.
19:34 of 2nd period - Johan Larsson is hit by Riley Sheahan and loses puck.
19:45 of 2nd period - Scott Mayfield is hit by Beau Bennett and loses puck.
Goals for this period are 4 for Mustangs vs 4 for Influenza.
Shots for this period are 18 for Mustangs vs 13 for Influenza.
3rd period
0:01 of 3rd period - Riley Sheahan wins face-off versus Mark Scheifele in neutral zone.
0:14 of 3rd period - Marcus Foligno is hit by Mathieu Carle and loses puck.
1:09 of 3rd period - Alexei Marchenko is hit by Tim Erixon and loses puck.
1:33 of 3rd period - Snap shot by Josh Jooris.
1:33 of 3rd period - Deflect By Riley Sheahan.
1:33 of 3rd period - Shot Misses the Net.
1:33 of 3rd period - Puck is out of play.
1:34 of 3rd period - Jeremy Morin wins face-off versus Mika Zibanejad in Influenza zone.
1:34 of 3rd period - Jeremy Morin is hit by Mika Zibanejad.
1:48 of 3rd period - Wrist shot by T.J Galiardi.
1:48 of 3rd period - Shot Blocked by Cameron Gaunce.
1:50 of 3rd period - Snap shot by Jeremy Morin.
1:50 of 3rd period - Shot Misses the Net.
2:05 of 3rd period - Derek Joslin is hit by Jimmy Vesey.
2:11 of 3rd period - Wrist shot by Marcus Foligno.
2:11 of 3rd period - Stopped by Alex Stalock with a rebound.
2:29 of 3rd period - Snap shot by Rick Schofield.
2:29 of 3rd period - Shot Misses the Net.
2:31 of 3rd period - Snap shot by Denis Bodrov.
2:31 of 3rd period - Shot Misses the Net.
2:33 of 3rd period - Snap shot by Rick Schofield.
2:33 of 3rd period - Shot Blocked by Dmitry Sinitsyn.
3:00 of 3rd period - Icing by Jeremy Morin.
3:01 of 3rd period - Mika Zibanejad wins face-off versus Mark Scheifele in Influenza zone.
3:02 of 3rd period - Wrist shot by Tomas Tatar.
3:02 of 3rd period - Shot Misses the Net.
3:07 of 3rd period - T.J Galiardi is hit by Scott Mayfield and loses puck.
3:24 of 3rd period - Wrist shot by Mark Scheifele.
3:24 of 3rd period - Stopped by Peter Mannino with a rebound.
3:30 of 3rd period - Snap shot by Jeremy Morin.
3:30 of 3rd period - Stopped by Peter Mannino with a rebound.
3:35 of 3rd period - Minor Penalty to Scott Mayfield for Slashing.
3:36 of 3rd period - Charlie Coyle wins face-off versus Riley Sheahan in Mustangs zone.
3:52 of 3rd period - Slapshot by Matt Corrente.
3:52 of 3rd period - Shot Blocked by Derek Joslin.
5:06 of 3rd period - Charlie Coyle is hit by Mika Zibanejad and loses puck.
5:15 of 3rd period - Cameron Gaunce is hit by Mathieu Carle and loses puck.
5:35 of 3rd period - Penalty to Scott Mayfield is over, Scott Mayfield is back on ice.
6:07 of 3rd period - Oskars Bartulis is hit by Andreas Athanasiou and loses puck.
6:34 of 3rd period - Jordan Schroeder is hit by Andreas Athanasiou and loses puck.
7:14 of 3rd period - Wrist shot by Riley Sheahan.
7:14 of 3rd period - Shot Misses the Net.
7:16 of 3rd period - Slapshot by Riley Sheahan.
7:16 of 3rd period - Shot Blocked by Jeff May.
7:36 of 3rd period - Alexei Marchenko is hit by Jimmy Vesey and loses puck.
8:12 of 3rd period - Josh Jooris is hit by Mark Olver and loses puck.
8:49 of 3rd period - Jerome Samson is hit by Jeremy Morin and loses puck.
9:40 of 3rd period - Snap shot by Alexei Marchenko.
9:40 of 3rd period - Stopped by Alex Stalock with a rebound.
11:30 of 3rd period - T.J Galiardi is hit by Jerome Samson and loses puck.
11:39 of 3rd period - Snap shot by Jerome Samson.
11:39 of 3rd period - Stopped by Alex Stalock with a rebound.
12:03 of 3rd period - Wrist shot by Derek Joslin.
12:03 of 3rd period - Stopped by Alex Stalock without a rebound.
12:04 of 3rd period - Rick Schofield wins face-off versus Mark Olver in Influenza zone.
13:21 of 3rd period - Snap shot by Mark Olver.
13:21 of 3rd period - Stopped by Peter Mannino with a rebound.
13:39 of 3rd period - Snap shot by Tomas Tatar.
13:39 of 3rd period - Stopped by Alex Stalock with a rebound.
13:53 of 3rd period - Snap shot by Beau Bennett.
13:53 of 3rd period - Shot Misses the Net.
13:55 of 3rd period - Snap shot by Oskars Bartulis.
13:55 of 3rd period - Shot Blocked by Derek Joslin.
14:40 of 3rd period - Lane MacDermid is hit by Scott Mayfield and loses puck.
14:57 of 3rd period - Francis Paré is hit by Matt Corrente and loses puck.
15:21 of 3rd period - Jeff May is hit by Marcus Foligno and loses puck.
15:45 of 3rd period - Jeremy Morin is hit by Mark Pysyk and loses puck.
15:50 of 3rd period - Slapshot by Jerome Samson.
15:50 of 3rd period - Shot Blocked by Jeff May.
16:06 of 3rd period - Snap shot by Garnet Hathaway.
16:06 of 3rd period - Shot Misses the Net.
16:08 of 3rd period - Snap shot by Garnet Hathaway.
16:08 of 3rd period - Stopped by Peter Mannino without a rebound.
16:09 of 3rd period - Jeremy Morin wins face-off versus Riley Sheahan in Mustangs zone.
16:11 of 3rd period - Minor Penalty to Josh Jooris for Slashing.
16:12 of 3rd period - Riley Sheahan wins face-off versus Mark Scheifele in Mustangs zone.
16:47 of 3rd period - Slapshot by Mathieu Carle.
16:47 of 3rd period - Goal by Mathieu Carle - Mustangs : 5 - Influenza : 6.
16:48 of 3rd period - Mark Scheifele wins face-off versus Andreas Athanasiou in neutral zone.
17:32 of 3rd period - Minor Penalty to Matt Corrente for Hooking.
17:33 of 3rd period - Riley Sheahan wins face-off versus Charlie Coyle in Influenza zone.
17:50 of 3rd period - Charlie Coyle is hit by Josh Jooris and loses puck.
18:01 of 3rd period - Snap shot by Tomas Tatar.
18:01 of 3rd period - Stopped by Alex Stalock without a rebound.
18:02 of 3rd period - Mika Zibanejad wins face-off versus Charlie Coyle in Influenza zone.
18:17 of 3rd period - Snap shot by Tomas Tatar.
18:17 of 3rd period - Goal by Tomas Tatar - Mustangs : 6 - Influenza : 6.
18:18 of 3rd period - Garnet Hathaway wins face-off versus Andreas Athanasiou in neutral zone.
18:21 of 3rd period - Derek Joslin is hit by Lane MacDermid and loses puck.
18:30 of 3rd period - Slapshot by Derek Joslin.
18:30 of 3rd period - Deflect By Joshua Leivo.
18:30 of 3rd period - Stopped by Alex Stalock without a rebound.
18:31 of 3rd period - Mark Olver wins face-off versus Andreas Athanasiou in Influenza zone.
18:36 of 3rd period - Andreas Athanasiou is hit by Garnet Hathaway and loses puck.
19:33 of 3rd period - Minor Penalty to Alexei Marchenko for Holding Stick.
19:34 of 3rd period - Riley Sheahan wins face-off versus Charlie Coyle in Mustangs zone.
19:44 of 3rd period - Slapshot by Mathieu Carle.
19:44 of 3rd period - Deflect By Jimmy Vesey.
19:44 of 3rd period - Stopped by Peter Mannino with a rebound.
19:46 of 3rd period - Wrist shot by Jimmy Vesey.
19:46 of 3rd period - Shot Blocked by Derek Joslin.
19:48 of 3rd period - Snap shot by Charlie Coyle.
19:48 of 3rd period - Shot Misses the Net.
19:50 of 3rd period - Snap shot by Jimmy Vesey.
19:50 of 3rd period - Stopped by Peter Mannino with a rebound.
Goals for this period are 1 for Mustangs vs 1 for Influenza.
Shots for this period are 8 for Mustangs vs 7 for Influenza.
Overtime #1
0:01 of 1st overtime period - Riley Sheahan wins face-off versus Mark Scheifele in neutral zone.
0:51 of 1st overtime period - Icing by Jeremy Morin.
0:52 of 1st overtime period - Riley Sheahan wins face-off versus Charlie Coyle in Influenza zone.
1:24 of 1st overtime period - Snap shot by Beau Bennett.
1:24 of 1st overtime period - Stopped by Peter Mannino without a rebound.
1:25 of 1st overtime period - Charlie Coyle wins face-off versus Riley Sheahan in Mustangs zone.
1:33 of 1st overtime period - Penalty to Alexei Marchenko is over, Alexei Marchenko is back on ice.
2:05 of 1st overtime period - Off-side.
2:06 of 1st overtime period - Mark Scheifele wins face-off versus Andreas Athanasiou in neutral zone.
2:15 of 1st overtime period - Snap shot by Mark Scheifele.
2:15 of 1st overtime period - Shot Misses the Net.
2:17 of 1st overtime period - Slapshot by Dmitry Sinitsyn.
2:17 of 1st overtime period - Stopped by Peter Mannino without a rebound.
2:18 of 1st overtime period - Jeremy Morin wins face-off versus Josh Jooris in Mustangs zone.
2:19 of 1st overtime period - Snap shot by T.J Galiardi.
2:19 of 1st overtime period - Shot Hit the Post.
2:25 of 1st overtime period - Snap shot by Josh Jooris.
2:25 of 1st overtime period - Stopped by Alex Stalock without a rebound.
2:26 of 1st overtime period - Riley Sheahan wins face-off versus Mark Scheifele in Influenza zone.
2:53 of 1st overtime period - Slapshot by Mathieu Carle.
2:53 of 1st overtime period - Shot Blocked by Cameron Gaunce.
3:11 of 1st overtime period - Wrist shot by Derek Joslin.
3:11 of 1st overtime period - Stopped by Alex Stalock with a rebound.
3:13 of 1st overtime period - Slapshot by Cameron Gaunce.
3:13 of 1st overtime period - Stopped by Alex Stalock with a rebound.
3:15 of 1st overtime period - Slapshot by Joshua Leivo.
3:15 of 1st overtime period - Shot Misses the Net.
3:17 of 1st overtime period - Wrist shot by Joshua Leivo.
3:17 of 1st overtime period - Stopped by Alex Stalock with a rebound.
3:19 of 1st overtime period - Slapshot by Cameron Gaunce.
3:19 of 1st overtime period - Deflect By Jerome Samson.
3:19 of 1st overtime period - Goal by Jerome Samson - Mustangs : 7 - Influenza : 6.
Goals for this period are 1 for Mustangs vs 0 for Influenza.
Shots for this period are 5 for Mustangs vs 2 for Influenza.
Back to the Top